 Dungeon Crawl Stone Soup version 0.19-a0-151-g039907c (webtiles) character file.

2592 AlphabetPasta the Cleaver (level 9, -9/74 HPs)
             Began as a Hill Orc Warper on May 17, 2016.
             Was a Follower of Beogh.
             Mangled by an orc warrior
             ... wielding a +0 hand axe
              (22 damage)
             ... in a bailey on May 19, 2016.
             The game lasted 00:37:26 (6333 turns).

AlphabetPasta the Cleaver (Hill Orc Warper)         Turns: 6333, Time: 00:37:26

Health: -9/74      AC: 11    Str: 21    XL:     9   Next: 58%
Magic:  4/4        EV: 15    Int: 15    God:    Beogh [*.....]
Gold:   77         SH:  0    Dex: 11    Spells: 5 memorised, 4 levels left

rFire  + . .     SeeInvis .     a - +1 war axe (antimagic)
rCold  . . .     Gourm    +     x - +0 scale mail {rF+}
rNeg   . . .     Faith    .     (no shield)
rPois  .         Spirit   .     z - +1 helmet
rElec  .         Dismiss  .     y - +0 cloak
rCorr  .         Reflect  .     (no gloves)
SustAt .         Harm     .     (no boots)
MR     .....                    p - amulet of the gourmand
Stlth  ..........               M - +2 ring of strength
                                m - +4 ring of evasion

@: mighty, not resistant to hostile enchantments, extremely unstealthy
A: no striking features
a: Renounce Religion


You were in a bailey.
You worshipped Beogh.
Beogh was aware of your devotion.
You were completely stuffed.

You visited 1 branch of the dungeon, and saw 7 of its levels.
You also visited: Bailey.

You collected 296 gold pieces.
You spent 219 gold pieces at shops.

Inventory:

Hand Weapons
 a - a +1 antimagic war axe (weapon)
 b - a +1 arbalest
Missiles
 e - a tomahawk of dispersal
 l - 3 javelins (quivered)
 r - 10 tomahawks
Armour
 x - a +0 scale mail of fire resistance (worn)
 y - a +0 cloak (worn)
 z - a +1 helmet (worn)
Jewellery
 j - an uncursed ring of protection from magic
 m - a +4 ring of evasion (left hand)
 p - an amulet of the gourmand (around neck)
 M - a +2 ring of strength (right hand)
Wands
 q - a wand of heal wounds (0/9)
Scrolls
 d - 3 scrolls of blinking
 h - 2 scrolls of fear
 k - a scroll of enchant weapon
 H - a scroll of remove curse
Potions
 t - a potion of resistance
 E - a potion of flight {unknown}
 F - a potion of lignification {unknown}
 I - a potion of brilliance
 L - a potion of cancellation {unknown}
Books
 c - a book of Spatial Translocations

   Spells                             Type                      Level
   a - Apportation                    Translocation                1
   b - Blink                          Translocation                2
   c - Shroud of Golubria             Charms/Translocation         2
   d - Portal Projectile              Translocation                3
   e - Teleport Other                 Translocation                3
   f - Passage of Golubria            Translocation                4
 o - a book of Maledictions

   Spells                             Type                      Level
   a - Corona                         Hexes                        1
   b - Ensorcelled Hibernation        Hexes/Ice                    2
   c - Confuse                        Hexes                        3
   d - Tukima's Dance                 Hexes                        3
   e - Dazzling Spray                 Conjuration/Hexes            3
Comestibles
 f - 3 bread rations
 v - 3 fruits
 C - 3 beef jerkies
 D - 2 meat rations
 J - 2 chunks of flesh


   Skills:
 + Level 5.4 Fighting
 * Level 8.1 Axes
 + Level 3.0 Crossbows
 - Level 1.1 Throwing
 + Level 4.4 Armour
 + Level 3.7 Dodging
 + Level 3.6 Spellcasting
 + Level 1.6 Hexes
 + Level 4.2 Translocations
 + Level 2.6 Invocations
 + Level 3.6 Evocations


You had 4 spell levels left.
You knew the following spells:

 Your Spells              Type           Power        Failure   Level  Hunger
a - Apportation           Tloc           ###.......   10%         1    None
b - Blink                 Tloc           N/A          14%         2    ##.....
c - Shroud of Golubria    Chrm/Tloc      #.........   30%         2    ##.....
d - Portal Projectile     Tloc           ###...       28%         3    ###....
e - Confuse               Hex            #.......     77%         3    ###....


Dungeon Overview and Level Annotations

Branches:
Dungeon (7/15)             Temple (0/1) D:5

Altars:
Cheibriados
Elyvilon
Kikubaaqudgha
Makhleb
Nemelex Xobeh
Qazlal
Zin

Shops:
D:5 *!


Message History

The kobold closely misses you.
You barely miss the orc warrior.
The orc warrior is moderately wounded.
You barely miss the kobold. The orc warrior closely misses you.
The kobold hits you.
* * * LOW HITPOINT WARNING * * *
Unknown command.
You slash the orc warrior!
The orc warrior is severely wounded.
You slash the kobold!
You kill the kobold!
Beogh accepts your kill.
You closely miss the gnoll. The gnoll misses you.
The orc warrior hits you but does no damage.
You barely miss the orc warrior.
The orc warrior is heavily wounded.
You barely miss the gnoll. The gnoll hits you but does no damage.
The orc warrior hits you with a hand axe!!
You die...
Beogh appreciates the orc warrior's killing of a heretic priest.

..
.####
..#.
8..
..
##'##
#(..#
#@..#
#go.#
##g##


o≈K .≈## .≈K .≈## .≈K .≈# You could see an orc knight, an orc warrior, a gnoll,
a goblin and 2 kobolds.

Vanquished Creatures
  Pikel (D:6)
  The ghost of Ihatecarrots00 the Covered, a novice MiBe of Trog (D:5)
  Prince Ribbit (D:6)
  Sigmund (D:2)
  A basilisk (D:7)
  Eustachio (D:6)
  Edmund (D:5)
  A slave (D:6)
  A sky beast (D:6)
  An orc warrior (Bailey)
  An ogre (D:6)
  A centaur (D:5)
  Blork the orc (D:4)
  A scorpion (D:6)
  A crimson imp (D:7)
  A centaur zombie (D:5)
  6 orc priests
  A hound (D:4)
  4 orc wizards
  Jessica (D:2)
  2 iguanas (D:4)
  A worker ant (D:7)
  7 adders
  A worm (D:2)
  2 dart slugs (D:2)
  3 giant geckos
  21 orcs
  9 bats
  6 giant cockroaches
  10 goblins
  10 hobgoblins
  2 jackals (D:2)
  6 kobolds
  2 giant gecko skeletons
  3 giant newts
  10 rats
123 creatures vanquished.

Vanquished Creatures (others)
  A wight (D:6)
  An adder skeleton (D:4)
  A giant cockroach (D:4)
  A quokka (D:4)
4 creatures vanquished.

Grand Total: 127 creatures vanquished

Notes
Turn   | Place    | Note
--------------------------------------------------------------
     0 | D:1      | AlphabetPasta the Hill Orc Warper began the quest for the Orb.
     0 | D:1      | Reached XP level 1. HP: 18/18 MP: 3/3
    32 | D:1      | Reached skill level 3 in Axes
   188 | D:1      | Reached XP level 2. HP: 21/25 MP: 4/4
   192 | D:1      | Learned a level 2 spell: Blink
   252 | D:1      | Reached skill level 1 in Throwing
   992 | D:2      | Reached XP level 3. HP: 23/30 MP: 5/5
  1073 | D:2      | Noticed Jessica
  1100 | D:2      | Killed Jessica
  1373 | D:2      | Learned a level 2 spell: Shroud of Golubria
  1392 | D:2      | Reached XP level 4. HP: 36/37 MP: 6/6
  1539 | D:2      | Found a glowing silver altar of Zin.
  1539 | D:2      | Found a white marble altar of Elyvilon.
  1542 | D:2      | Found an ancient bone altar of Kikubaaqudgha.
  1542 | D:2      | Found a sparkling altar of Nemelex Xobeh.
  1927 | D:2      | Found a burning altar of Makhleb.
  1928 | D:2      | Found a snail-covered altar of Cheibriados.
  1928 | D:2      | Found a stormy altar of Qazlal.
  1931 | D:2      | Noticed Sigmund
  1933 | D:2      | Killed Sigmund
  1933 | D:2      | Reached skill level 4 in Axes
  1933 | D:2      | Reached skill level 1 in Evocations
  1933 | D:2      | Reached XP level 5. HP: 45/45 MP: 6/8
  1933 | D:2      | Reached XP level 6. HP: 51/51 MP: 6/9
  2041 | D:2      | Upgraded the game from 0.19-a0-144-g2e0a820 to 0.19-a0-147-g6f47703
  2296 | D:2      | Learned a level 3 spell: Portal Projectile
  3210 | D:3      | Upgraded the game from 0.19-a0-147-g6f47703 to 0.19-a0-151-g039907c
  3404 | D:4      | Reached skill level 5 in Axes
  3435 | D:4      | Learned a level 3 spell: Portal Projectile
  3462 | D:4      | Became a worshipper of Beogh the Brigand
  3473 | D:4      | Reached skill level 1 in Crossbows
  3895 | D:4      | Reached XP level 7. HP: 18/58 MP: 3/10
  3916 | D:4      | HP: 1/58 [orc priest/mace (10)]
  4453 | D:5      | Entered Level 5 of the Dungeon
  4457 | D:5      | Noticed Ihatecarrots00's ghost (novice MiBe)
  4538 | D:5      | Noticed Edmund
  4549 | D:5      | Killed Edmund
  4611 | D:5      | Found Ycew's General Store.
  4624 | D:5      | Bought a potion of heal wounds for 70 gold pieces
  4656 | D:5      | Reached skill level 6 in Axes
  4668 | D:5      | Noticed Blork the orc
  4769 | D:4      | Killed Blork the orc
  4769 | D:4      | Reached XP level 8. HP: 47/66 MP: 3/11
  4888 | D:5      | Found Zoarumom's Distillery.
  4891 | D:5      | Bought a potion of might for 52 gold pieces
  4891 | D:5      | Bought a potion of mutation for 32 gold pieces
  4891 | D:5      | Bought a potion of degeneration for 13 gold pieces
  4891 | D:5      | Bought a potion of brilliance for 52 gold pieces
  4925 | D:5      | Killed Ihatecarrots00's ghost
  4984 | D:5      | Reached * piety under Beogh
  5093 | D:5      | Found a staircase to the Ecumenical Temple.
  5349 | D:6      | Noticed Eustachio
  5361 | D:6      | Killed Eustachio
  5361 | D:6      | Reached skill level 7 in Axes
  5407 | D:6      | Reached skill level 1 in Invocations
  5523 | D:6      | Reached skill level 5 in Fighting
  5528 | D:6      | Learned a level 3 spell: Confuse
  5746 | D:6      | Noticed Prince Ribbit
  5761 | D:6      | Noticed Pikel
  5776 | D:6      | Killed Pikel
  5776 | D:6      | Reached skill level 1 in Hexes
  5776 | D:6      | Reached XP level 9. HP: 74/74 MP: 4/14
  5784 | D:6      | Killed Prince Ribbit
  5945 | D:6      | Reached skill level 8 in Axes
  6237 | D:7      | Found a flagged portal.
  6261 | Bailey   | Entered a bailey
  6285 | Bailey   | Noticed an orc knight
  6290 | Bailey   | Noticed an orc knight
  6303 | Bailey   | HP: 2/74 [orc knight/war axe (12)]
  6333 | Bailey   | Mangled by an orc warrior

Vault maps used:
D:1:      scummos_arrival_checkerplants
D:2:      grunt_temple_overflow_open, uniq_jessica, uniq_sigmund
D:4:      first_bread
D:5:      lemuel_ice_spiral_2, minmay_temple_entry_purple_smoke, serial_shops,
          shop_statue, nicolae_shop_behind_doors, uniq_blork_the_orc,
          uniq_edmund
D:6:      uniq_prince_ribbit1, uniq_eustachio, uniq_pikel
D:7:      enter_bailey_3
Bailey:   bailey_axe_1, bailey

Skill      XL: |  1  2  3  4  5  6  7  8  9 |
---------------+----------------------------+-----
Axes           | 3 4 5 6 7 8 |  8.1
Throwing       | 1 |  1.1
Dodging        | 2 3 |  3.7
Fighting       | 3 4 5 |  5.4
Armour         | 2 3 4 |  4.4
Spellcasting   | 2 3 |  3.6
Translocations | 3 4 |  4.2
Evocations     | 1 2 3 |  3.6
Crossbows      | 1 2 3 |  3.0
Invocations    | 2 |  2.6
Hexes          | 1 |  1.6

Action                   |  1- 3 |  4- 6 |  7- 9 || total
-------------------------+-------+-------+-------++-------
Melee: Hand axe          |   102 |   159 |       ||   261
       War axe           |       |    22 |   256 ||   278
       Unarmed           |       |       |    11 ||    11
Throw: Tomahawk          |     3 |     1 |       ||     4
       Javelin           |       |    12 |    26 ||    38
Invok: Convert to Beogh  |       |     1 |       ||     1
Evoke: Wand              |       |     2 |     6 ||     8
  Use: Potion            |     1 |     2 |     8 ||    11
       Scroll            |       |    13 |     3 ||    16
 Stab: Invisible         |       |       |     1 ||     1
  Eat: Chunk             |     2 |     7 |    17 ||    26
       Royal jelly       |       |     1 |       ||     1
Armor: Leather armour    |    23 |    45 |    14 ||    82
       Scale mail        |       |       |    87 ||    87
       Skin              |       |       |     1 ||     1
Dodge: Dodged            |    46 |   117 |   189 ||   352
